Vancouver Canucks vs Dallas Stars
Created - Thursday, September 25, 2025 at 07:46
Goals
|
| Vancouver Canucks |
1 |
0 |
1 |
2 |
| Dallas Stars |
0 |
2 |
1 |
3 |
|
Shots
|
| Vancouver Canucks |
3 |
23 |
12 |
38 |
| Dallas Stars |
5 |
16 |
9 |
30 |
|
1st period
1. Vancouver Canucks , Brett Leason 3 (Anton Lundell 5, Jesperi Kotkaniemi 5) at 13:01
Penalties :
Emil Martinsen Lilleberg (VAN) for Goalie Interference (Minor) at 6:05
2nd period
2. Dallas Stars , Luke Kunin 20 (Jordan Martinook 21) at 3:40
3. Dallas Stars , Jordan Martinook 22 (Arber Xhekaj 6) at 15:10
Penalties :
Luke Kunin (DAL) for Holding (Minor) at 5:19, Joel Hanley (VAN) for Interference (Minor) at 10:51, Jordan Greenway (DAL) for Fighting (Major) at 16:42, Emil Martinsen Lilleberg (VAN) for Fighting (Major) at 16:42, Jordan Greenway (DAL) for instigated a fight (Minor) at 16:42, Jordan Greenway (DAL) for instigated a fight (10 Minutes Misconduct) at 16:42
3rd period
4. Dallas Stars , Dougie Hamilton 2 (Alex Iafallo 10, Alex Lyon) at 9:58 (PP)
5. Vancouver Canucks , Aleksander Barkov 19 (Noah Hanifin 16) at 15:52 (PP)
Penalties :
Emil Martinsen Lilleberg (VAN) for Tripping (Minor) at 9:41, Trent Frederic (DAL) for Tripping (Minor) at 15:23, Jordan Greenway (DAL) for Roughing (Minor) at 16:36
Goalie Stats
Justus Annunen (VAN), 27 saves from 30 shots - (0.900), L, 8-9-1, 58:31 minutes
Alex Lyon (DAL), 36 saves from 38 shots - (0.947), W, 16-6-1, 60:00 minutes
Players Stats for Vancouver Canucks
Player Name G A P +/- PIM S H SB GA TA FO MP PP MP PK MP
------------------------------------------------------------------------------------
Aleksander Barkov 1 0 1 -1 0 5 3 1 1 0 19/30 23:05 3:54 2:10
Anton Lundell 0 1 1 1 0 0 1 0 0 1 3/7 9:04 0:00 2:01
Artturi Lehkonen 0 0 0 -1 0 3 1 0 1 0 0/2 17:22 2:32 2:10
Bobby McMann 0 0 0 0 0 1 0 1 0 0 0/0 10:40 0:00 0:00
Brett Leason 1 0 1 1 0 1 2 0 1 0 0/0 9:17 0:00 2:00
Casey Mittelstadt 0 0 0 0 0 6 1 0 1 1 9/11 15:14 2:32 0:04
Clayton Keller 0 0 0 -1 0 3 0 0 2 0 0/1 20:55 3:54 0:00
Connor Zary 0 0 0 -1 0 3 0 1 0 1 0/0 14:07 2:32 0:00
Emil Martinsen Lilleberg 0 0 0 1 9 2 0 0 0 1 0/0 13:50 0:00 0:46
Jake Bean 0 0 0 1 0 0 0 0 0 0 0/0 12:26 0:00 0:00
Jesperi Kotkaniemi 0 1 1 1 0 2 1 0 0 0 0/0 10:04 0:00 0:05
Joel Hanley 0 0 0 0 2 1 2 1 0 0 0/0 22:20 4:06 1:15
Mikko Rantanen 0 0 0 -1 0 2 1 0 0 0 0/0 20:55 3:54 0:00
Miro Heiskanen 0 0 0 -2 0 0 0 5 0 1 0/0 25:06 2:20 2:14
Noah Hanifin 0 1 1 -2 0 2 0 0 0 1 0/0 24:53 2:20 2:02
Ryan McDonagh 0 0 0 0 0 4 2 0 0 0 0/0 23:19 4:06 2:13
Sean Couturier 0 0 0 -1 0 2 3 0 0 0 4/10 11:19 0:00 0:00
Ty Dellandrea 0 0 0 0 0 1 1 0 0 0 0/0 11:45 0:00 0:00
Players Stats for Dallas Stars
Player Name G A P +/- PIM S H SB GA TA FO MP PP MP PK MP
------------------------------------------------------------------------------------
Alex Iafallo 0 1 1 0 0 4 1 1 0 0 2/2 15:40 0:53 0:11
Arber Xhekaj 0 1 1 2 0 0 1 0 0 0 0/0 14:16 0:18 0:00
Brendan Gallagher 0 0 0 0 0 2 3 0 2 2 1/2 18:55 1:50 2:37
Cam York 0 0 0 2 0 0 0 0 0 0 0/0 14:16 0:18 0:00
Dougie Hamilton 1 0 1 -1 0 3 2 4 0 0 0/0 23:20 1:24 3:47
Elias Lindholm 0 0 0 0 0 2 0 0 1 1 8/15 19:31 1:54 3:38
Jack Drury 0 0 0 0 0 1 1 0 0 1 4/11 12:53 0:00 0:11
Jakob Chychrun 0 0 0 0 0 0 1 0 0 0 0/0 22:24 2:33 2:39
Joel Kiviranta 0 0 0 -1 0 2 1 0 0 0 0/0 11:12 0:36 0:00
Jonatan Berggren 0 0 0 -1 0 1 0 0 0 0 0/1 9:01 0:00 0:00
Jordan Greenway 0 0 0 2 19 0 3 1 0 0 1/1 11:02 1:28 0:00
Jordan Martinook 1 1 2 2 0 5 1 0 1 0 0/4 18:03 1:45 2:37
Josh Anderson 0 0 0 0 0 2 2 1 0 1 0/1 20:14 1:54 3:38
Luke Kunin 1 0 1 2 2 5 2 1 0 0 9/20 15:25 1:45 0:00
Philip Tomasino 0 0 0 -1 0 0 1 1 1 0 1/4 9:41 0:40 0:00
Rasmus Ristolainen 0 0 0 -1 0 0 3 6 0 1 0/0 23:20 1:24 3:47
Trent Frederic 0 0 0 0 2 2 0 0 1 0 0/0 11:53 0:00 0:00
Trevor van Riemsdyk 0 0 0 0 0 1 0 1 0 0 0/0 22:24 2:33 2:39
3 Stars
1 - Jordan Martinook (DAL)
2 - Alex Lyon (DAL)
3 - Luke Kunin (DAL)
Power Play
Vancouver Canucks - 1 on 4 Attempt(s) - 25.00%
Dallas Stars - 1 on 3 Attempt(s) - 33.33%
Penalty Kill
Vancouver Canucks - 2 on 3 Attempt(s) - 66.67%
- Score 0 goal in Penalty Kill
Dallas Stars - 3 on 4 Attempt(s) - 75.00%
- Score 0 goal in Penalty Kill
Team Stat
Vancouver Canucks - Hits : 18 - Faceoff Wins : 35 - Blocked Shots : 9 - Penalty Minutes : 11
Dallas Stars - Hits : 22 - Faceoff Wins : 26 - Blocked Shots : 16 - Penalty Minutes : 23
Official
Referees : Chris Schlenker and Morgan Macphee
Linesman : Brad Kovachik and Tommy Hughes
Game Notes
Jordan Greenway beats up Emil Martinsen Lilleberg at 16:42 of 2nd period
Finance
Level 1 -- Attendance: 5699 (94.98%) -- Ticket Income $512,910
Level 2 -- Attendance: 4753 (95.06%) -- Ticket Income $237,650
Level 3 -- Attendance: 2669 (88.97%) -- Ticket Income $80,070
Level 4 -- Attendance: 3780 (75.60%) -- Ticket Income $94,500
Luxury Box -- Attendance: 910 (91.00%) -- Ticket Income $172,900
Game was played at the American Airlines Center.
Total Attendance: 17811 (89.06%)
Total Ticket Income: $1,098,030
Other Income: $384,310
Total Income: $1,482,340
Vancouver Canucks
5 vs 5 Forward
Center Left Wing Right Wing Time % Phy DF OF
1 Aleksander Barkov Clayton Keller Mikko Rantanen 37 1 1 3
2 Sean Couturier Connor Zary Artturi Lehkonen 28 1 2 2
3 Casey Mittelstadt Bobby McMann Ty Dellandrea 21 1 2 2
4 Anton Lundell Jesperi Kotkaniemi Brett Leason 14 1 3 1
5 vs 5 Defense
Defense Defense Time % Phy DF OF
1 Noah Hanifin Miro Heiskanen 30 1 2 2
2 Ryan McDonagh Joel Hanley 30 1 2 2
3 Jake Bean Emil Martinsen Lilleberg 25 1 2 2
4 Noah Hanifin Miro Heiskanen 15 1 2 2
PowerPlay Forward
Center Left Wing Right Wing Time % Phy DF OF
1 Aleksander Barkov Clayton Keller Mikko Rantanen 50 0 1 4
2 Casey Mittelstadt Connor Zary Artturi Lehkonen 50 0 1 4
PowerPlay Defense
Defense Defense Time % Phy DF OF
1 Noah Hanifin Miro Heiskanen 50 0 1 4
2 Ryan McDonagh Joel Hanley 50 0 1 4
Penalty Kill 4 Players Forward
Center Wing Time % Phy DF OF
1 Anton Lundell Brett Leason 50 1 2 2
2 Aleksander Barkov Artturi Lehkonen 50 1 2 2
Penalty Kill 4 Players Defense
Defense Defense Time % Phy DF OF
1 Ryan McDonagh Joel Hanley 50 1 2 2
2 Noah Hanifin Miro Heiskanen 50 1 2 2
Penalty Kill - 3 Players Forward
Forward Time % Phy DF OF
1 Anton Lundell 50 1 2 2
2 Brett Leason 50 1 2 2
Penalty Kill - 3 Players Defense
Defense Defense Time % Phy DF OF
1 Ryan McDonagh Joel Hanley 50 1 2 2
2 Noah Hanifin Miro Heiskanen 50 1 2 2
4 vs 4 Forward
Center Wing Time % Phy DF OF
1 Aleksander Barkov Mikko Rantanen 50 1 2 2
2 Clayton Keller Artturi Lehkonen 50 1 2 2
4 vs 4 Defense
Defense Defense Time % Phy DF OF
1 Noah Hanifin Miro Heiskanen 50 1 2 2
2 Ryan McDonagh Joel Hanley 50 1 2 2
Last Minutes Offensive
Center Left Wing Right Wing Defense Defense
Aleksander Barkov Clayton Keller Mikko Rantanen Noah Hanifin Miro Heiskanen
Last Minutes Defensive
Center Left Wing Right Wing Defense Defense
Anton Lundell Artturi Lehkonen Brett Leason Ryan McDonagh Joel Hanley
Goaltenders
Starting : Justus Annunen
Backup : Cam Talbot
Extra Forwards
Normal : Mikko Rantanen, Artturi Lehkonen, Clayton Keller - PP : Mikko Rantanen, Clayton Keller - PK : Anton Lundell
Extra Defensemen
Normal : Miro Heiskanen, Noah Hanifin, Ryan McDonagh - PP : Miro Heiskanen - PK : Ryan McDonagh, Joel Hanley
Penalty Shots
Aleksander Barkov, Anton Lundell, Artturi Lehkonen, Jesperi Kotkaniemi, Noah Hanifin
Scratches
Matias Maccelli (Healthy), Jacob Bernard-Docker (Healthy), Eemil Viro (Healthy), Jacob Bryson (Healthy)
Dallas Stars
5 vs 5 Forward
Center Left Wing Right Wing Time % Phy DF OF
1 Elias Lindholm Josh Anderson Brendan Gallagher 30 1 2 2
2 Luke Kunin Jordan Martinook Jordan Greenway 30 1 2 2
3 Jack Drury Alex Iafallo Trent Frederic 25 1 2 2
4 Philip Tomasino Joel Kiviranta Jonatan Berggren 15 1 2 2
5 vs 5 Defense
Defense Defense Time % Phy DF OF
1 Rasmus Ristolainen Dougie Hamilton 35 1 2 2
2 Trevor van Riemsdyk Jakob Chychrun 35 1 2 2
3 Arber Xhekaj Cam York 30 1 2 2
4 Rasmus Ristolainen Dougie Hamilton 0 1 2 2
PowerPlay Forward
Center Left Wing Right Wing Time % Phy DF OF
1 Elias Lindholm Josh Anderson Brendan Gallagher 50 1 2 2
2 Luke Kunin Jordan Martinook Jordan Greenway 50 1 2 2
PowerPlay Defense
Defense Defense Time % Phy DF OF
1 Rasmus Ristolainen Dougie Hamilton 50 1 2 2
2 Trevor van Riemsdyk Jakob Chychrun 50 1 2 2
Penalty Kill 4 Players Forward
Center Wing Time % Phy DF OF
1 Elias Lindholm Josh Anderson 50 1 2 2
2 Jordan Martinook Brendan Gallagher 50 1 2 2
Penalty Kill 4 Players Defense
Defense Defense Time % Phy DF OF
1 Rasmus Ristolainen Dougie Hamilton 50 1 2 2
2 Trevor van Riemsdyk Jakob Chychrun 50 1 2 2
Penalty Kill - 3 Players Forward
Forward Time % Phy DF OF
1 Elias Lindholm 50 1 2 2
2 Josh Anderson 50 1 2 2
Penalty Kill - 3 Players Defense
Defense Defense Time % Phy DF OF
1 Rasmus Ristolainen Dougie Hamilton 50 1 2 2
2 Trevor van Riemsdyk Jakob Chychrun 50 1 2 2
4 vs 4 Forward
Center Wing Time % Phy DF OF
1 Elias Lindholm Josh Anderson 50 1 2 2
2 Jordan Martinook Brendan Gallagher 50 1 2 2
4 vs 4 Defense
Defense Defense Time % Phy DF OF
1 Rasmus Ristolainen Dougie Hamilton 50 1 2 2
2 Trevor van Riemsdyk Jakob Chychrun 50 1 2 2
Last Minutes Offensive
Center Left Wing Right Wing Defense Defense
Elias Lindholm Josh Anderson Brendan Gallagher Rasmus Ristolainen Dougie Hamilton
Last Minutes Defensive
Center Left Wing Right Wing Defense Defense
Elias Lindholm Josh Anderson Brendan Gallagher Rasmus Ristolainen Dougie Hamilton
Goaltenders
Starting : Alex Lyon
Backup : Marc-Andre Fleury
Extra Forwards
Normal : Alex Iafallo, Joel Kiviranta, Jack Drury - PP : Alex Iafallo, Joel Kiviranta - PK : Jack Drury
Extra Defensemen
Normal : Rasmus Ristolainen, Cam York, Trevor van Riemsdyk - PP : Dougie Hamilton - PK : Cam York, Trevor van Riemsdyk
Penalty Shots
Elias Lindholm, Josh Anderson, Jordan Martinook, Brendan Gallagher, Alex Iafallo
Scratches
Filip Chytil (Healthy), Jonas Siegenthaler (Healthy), Semyon Varlamov (Healthy)
% Time on Ice - Vancouver Canucks
Lines # - Real PCT - Wanted PCT - Time Play
Normal Forward
1 - 36% - 37% - 17:18
2 - 28% - 28% - 13:16
3 - 22% - 21% - 10:40
4 - 15% - 14% - 7:00
Normal Defense
1 - 31% - 30% - 14:53
2 - 31% - 30% - 14:46
3 - 26% - 25% - 12:26
4 - 13% - 15% - 6:09
PP Forward
1 - 61% - 50% - 3:54
2 - 39% - 50% - 2:32
PP Defense
1 - 36% - 50% - 2:20
2 - 64% - 50% - 4:06
PK Forward
1 - 48% - 50% - 2:03
2 - 52% - 50% - 2:12
PK Defense
1 - 52% - 50% - 2:13
2 - 48% - 50% - 2:02
PK3 Forward
1 - 0% - 50%
2 - 0% - 50%
PK3 Defense
1 - 0% - 50%
2 - 0% - 50%
44 Forward
1 - 0% - 50%
2 - 0% - 50%
44 Defense
1 - 0% - 50%
2 - 0% - 50%
Last Minute Offensive - 1:05
Last Minute Defensive - 0:00
Total
Forward - 60:00
Defense - 60:00
|
% Time on Ice - Dallas Stars
Lines # - Real PCT - Wanted PCT - Time Play
Normal Forward
1 - 29% - 30% - 13:54
2 - 28% - 30% - 13:42
3 - 25% - 25% - 11:54
4 - 19% - 15% - 9:01
Normal Defense
1 - 36% - 35% - 17:21
2 - 35% - 35% - 17:13
3 - 29% - 30% - 13:57
4 - 0% - 0% - 0:00
PP Forward
1 - 51% - 50% - 2:10
2 - 49% - 50% - 2:05
PP Defense
1 - 33% - 50% - 1:24
2 - 67% - 50% - 2:51
PK Forward
1 - 59% - 50% - 3:49
2 - 41% - 50% - 2:37
PK Defense
1 - 59% - 50% - 3:47
2 - 41% - 50% - 2:39
PK3 Forward
1 - 0% - 50%
2 - 0% - 50%
PK3 Defense
1 - 0% - 50%
2 - 0% - 50%
44 Forward
1 - 0% - 50%
2 - 0% - 50%
44 Defense
1 - 0% - 50%
2 - 0% - 50%
Last Minute Offensive - 0:00
Last Minute Defensive - 0:48
Total
Forward - 60:00
Defense - 60:00
|
Play-by-Play
1st period
0:01 of 1st period - Elias Lindholm wins face-off versus Aleksander Barkov in neutral zone.
0:22 of 1st period - Icing by Miro Heiskanen.
0:23 of 1st period - Aleksander Barkov wins face-off versus Luke Kunin in Vancouver Canucks zone.
2:08 of 1st period - Rasmus Ristolainen is hit by Artturi Lehkonen and loses puck.
2:38 of 1st period - Slapshot by Luke Kunin.
2:38 of 1st period - Stopped by Justus Annunen with a rebound.
2:44 of 1st period - Slapshot by Jordan Martinook.
2:44 of 1st period - Stopped by Justus Annunen without a rebound.
2:45 of 1st period - Jack Drury wins face-off versus Aleksander Barkov in Vancouver Canucks zone.
3:12 of 1st period - Connor Zary is hit by Arber Xhekaj and loses puck.
3:23 of 1st period - Wrist shot by Brendan Gallagher.
3:23 of 1st period - Deflect By Elias Lindholm.
3:23 of 1st period - Stopped by Justus Annunen without a rebound.
3:24 of 1st period - Aleksander Barkov wins face-off versus Philip Tomasino in Vancouver Canucks zone.
3:56 of 1st period - Snap shot by Elias Lindholm.
3:56 of 1st period - Shot Misses the Net.
4:34 of 1st period - Wrist shot by Luke Kunin.
4:34 of 1st period - Shot Blocked by Miro Heiskanen.
4:58 of 1st period - Aleksander Barkov is hit by Luke Kunin.
5:16 of 1st period - Backhand shot by Luke Kunin.
5:16 of 1st period - Shot Misses the Net.
5:37 of 1st period - Snap shot by Bobby McMann.
5:37 of 1st period - Shot Blocked by Dougie Hamilton.
5:39 of 1st period - Snap shot by Jake Bean.
5:39 of 1st period - Shot Blocked by Luke Kunin.
5:41 of 1st period - Slapshot by Emil Martinsen Lilleberg.
5:41 of 1st period - Shot Misses the Net.
5:59 of 1st period - Mikko Rantanen is hit by Brendan Gallagher and loses puck.
6:05 of 1st period - Minor Penalty to Emil Martinsen Lilleberg for Goalie Interference.
6:06 of 1st period - Anton Lundell wins face-off versus Elias Lindholm in Vancouver Canucks zone.
7:21 of 1st period - Noah Hanifin is hit by Brendan Gallagher and loses puck.
8:05 of 1st period - Penalty to Emil Martinsen Lilleberg is over, Emil Martinsen Lilleberg is back on ice.
8:11 of 1st period - Wrist shot by Brendan Gallagher.
8:11 of 1st period - Shot Blocked by Joel Hanley.
10:07 of 1st period - Emil Martinsen Lilleberg is hit by Luke Kunin and loses puck.
10:46 of 1st period - Ty Dellandrea is hit by Jack Drury and loses puck.
10:51 of 1st period - Wrist shot by Alex Iafallo.
10:51 of 1st period - Shot Blocked by Miro Heiskanen.
12:11 of 1st period - Bobby McMann is hit by Philip Tomasino and loses puck.
12:47 of 1st period - Off-side.
12:48 of 1st period - Anton Lundell wins face-off versus Philip Tomasino in neutral zone.
12:55 of 1st period - Snap shot by Jesperi Kotkaniemi.
12:55 of 1st period - Shot Misses the Net.
12:57 of 1st period - Snap shot by Anton Lundell.
12:57 of 1st period - Shot Blocked by Dougie Hamilton.
12:59 of 1st period - Snap shot by Anton Lundell.
12:59 of 1st period - Shot Blocked by Rasmus Ristolainen.
13:01 of 1st period - Wrist shot by Brett Leason.
13:01 of 1st period - Goal by Brett Leason - Vancouver Canucks : 1 - Dallas Stars : 0.
13:02 of 1st period - Aleksander Barkov wins face-off versus Elias Lindholm in neutral zone.
14:24 of 1st period - Wrist shot by Jonatan Berggren.
14:24 of 1st period - Shot Misses the Net.
14:55 of 1st period - Off-side.
14:56 of 1st period - Alex Iafallo wins face-off versus Sean Couturier in neutral zone.
16:02 of 1st period - Wrist shot by Mikko Rantanen.
16:02 of 1st period - Stopped by Alex Lyon without a rebound.
16:03 of 1st period - Jack Drury wins face-off versus Sean Couturier in Dallas Stars zone.
16:03 of 1st period - Jack Drury is hit by Sean Couturier.
16:13 of 1st period - Snap shot by Jack Drury.
16:13 of 1st period - Shot Blocked by Connor Zary.
16:15 of 1st period - Snap shot by Jack Drury.
16:15 of 1st period - Shot Misses the Net.
16:57 of 1st period - Off-side.
16:58 of 1st period - Aleksander Barkov wins face-off versus Elias Lindholm in neutral zone.
17:11 of 1st period - Snap shot by Clayton Keller.
17:11 of 1st period - Shot Blocked by Trevor van Riemsdyk.
17:13 of 1st period - Slapshot by Emil Martinsen Lilleberg.
17:13 of 1st period - Stopped by Alex Lyon with a rebound.
17:15 of 1st period - Snap shot by Emil Martinsen Lilleberg.
17:15 of 1st period - Shot Misses the Net.
17:42 of 1st period - Snap shot by Josh Anderson.
17:42 of 1st period - Stopped by Justus Annunen with a rebound.
17:52 of 1st period - Emil Martinsen Lilleberg is hit by Josh Anderson and loses puck.
18:00 of 1st period - Icing by Casey Mittelstadt.
18:01 of 1st period - Luke Kunin wins face-off versus Casey Mittelstadt in Vancouver Canucks zone.
18:19 of 1st period - Slapshot by Casey Mittelstadt.
18:19 of 1st period - Deflect By Bobby McMann.
18:19 of 1st period - Shot Blocked by Jordan Greenway.
18:19 of 1st period - Puck is out of play.
18:20 of 1st period - Aleksander Barkov wins face-off versus Jack Drury in Dallas Stars zone.
18:55 of 1st period - Slapshot by Luke Kunin.
18:55 of 1st period - Stopped by Justus Annunen with a rebound.
18:57 of 1st period - Snap shot by Jakob Chychrun.
18:57 of 1st period - Shot Misses the Net.
19:09 of 1st period - Joel Kiviranta is hit by Ryan McDonagh and loses puck.
19:34 of 1st period - Dougie Hamilton is hit by Mikko Rantanen and loses puck.
19:54 of 1st period - Jordan Greenway is hit by Joel Hanley and loses puck.
Goals for this period are 1 for Vancouver Canucks vs 0 for Dallas Stars.
Shots for this period are 3 for Vancouver Canucks vs 5 for Dallas Stars.
2nd period
0:01 of 2nd period - Aleksander Barkov wins face-off versus Elias Lindholm in neutral zone.
0:06 of 2nd period - Slapshot by Aleksander Barkov.
0:06 of 2nd period - Shot Misses the Net.
0:29 of 2nd period - Off-side.
0:30 of 2nd period - Jack Drury wins face-off versus Sean Couturier in neutral zone.
0:33 of 2nd period - Snap shot by Trent Frederic.
0:33 of 2nd period - Stopped by Justus Annunen without a rebound.
0:34 of 2nd period - Aleksander Barkov wins face-off versus Elias Lindholm in Vancouver Canucks zone.
0:39 of 2nd period - Snap shot by Aleksander Barkov.
0:39 of 2nd period - Shot Hit the Post.
0:41 of 2nd period - Slapshot by Aleksander Barkov.
0:41 of 2nd period - Stopped by Alex Lyon with a rebound.
0:43 of 2nd period - Slapshot by Ryan McDonagh.
0:43 of 2nd period - Stopped by Alex Lyon without a rebound.
0:44 of 2nd period - Aleksander Barkov wins face-off versus Elias Lindholm in Dallas Stars zone.
0:47 of 2nd period - Wrist shot by Aleksander Barkov.
0:47 of 2nd period - Stopped by Alex Lyon with a rebound.
1:23 of 2nd period - Backhand shot by Mikko Rantanen.
1:23 of 2nd period - Deflect By Clayton Keller.
1:23 of 2nd period - Shot Misses the Net.
1:23 of 2nd period - Puck is out of play.
1:24 of 2nd period - Jordan Greenway wins face-off versus Sean Couturier in Dallas Stars zone.
1:29 of 2nd period - Slapshot by Jordan Martinook.
1:29 of 2nd period - Shot Misses the Net.
1:31 of 2nd period - Slapshot by Jakob Chychrun.
1:31 of 2nd period - Shot Hit the Post.
1:33 of 2nd period - Wrist shot by Jordan Martinook.
1:33 of 2nd period - Stopped by Justus Annunen with a rebound.
1:35 of 2nd period - Slapshot by Trevor van Riemsdyk.
1:35 of 2nd period - Stopped by Justus Annunen without a rebound.
1:36 of 2nd period - Sean Couturier wins face-off versus Jack Drury in Vancouver Canucks zone.
1:45 of 2nd period - Snap shot by Artturi Lehkonen.
1:45 of 2nd period - Shot Misses the Net.
1:47 of 2nd period - Slapshot by Sean Couturier.
1:47 of 2nd period - Stopped by Alex Lyon with a rebound.
1:49 of 2nd period - Snap shot by Connor Zary.
1:49 of 2nd period - Shot Blocked by Rasmus Ristolainen.
2:32 of 2nd period - Ty Dellandrea is hit by Dougie Hamilton and loses puck.
2:56 of 2nd period - Wrist shot by Joel Kiviranta.
2:56 of 2nd period - Stopped by Justus Annunen with a rebound.
3:15 of 2nd period - Jack Drury is hit by Sean Couturier and loses puck.
3:27 of 2nd period - Off-side.
3:28 of 2nd period - Luke Kunin wins face-off versus Clayton Keller in neutral zone.
3:38 of 2nd period - Slapshot by Jordan Martinook.
3:38 of 2nd period - Stopped by Justus Annunen with a rebound.
3:40 of 2nd period - Wrist shot by Luke Kunin.
3:40 of 2nd period - Goal by Luke Kunin - Vancouver Canucks : 1 - Dallas Stars : 1.
3:41 of 2nd period - Aleksander Barkov wins face-off versus Luke Kunin in neutral zone.
3:48 of 2nd period - Snap shot by Clayton Keller.
3:48 of 2nd period - Stopped by Alex Lyon without a rebound.
3:49 of 2nd period - Aleksander Barkov wins face-off versus Luke Kunin in Dallas Stars zone.
4:17 of 2nd period - Slapshot by Elias Lindholm.
4:17 of 2nd period - Shot Blocked by Miro Heiskanen.
4:19 of 2nd period - Slapshot by Cam York.
4:19 of 2nd period - Shot Misses the Net.
4:22 of 2nd period - Icing by Noah Hanifin.
4:23 of 2nd period - Alex Iafallo wins face-off versus Aleksander Barkov in Vancouver Canucks zone.
4:32 of 2nd period - Wrist shot by Mikko Rantanen.
4:32 of 2nd period - Stopped by Alex Lyon with a rebound.
4:50 of 2nd period - Snap shot by Mikko Rantanen.
4:50 of 2nd period - Shot Misses the Net.
5:00 of 2nd period - Snap shot by Alex Iafallo.
5:00 of 2nd period - Stopped by Justus Annunen with a rebound.
5:14 of 2nd period - Wrist shot by Clayton Keller.
5:14 of 2nd period - Stopped by Alex Lyon without a rebound.
5:15 of 2nd period - Sean Couturier wins face-off versus Luke Kunin in Dallas Stars zone.
5:19 of 2nd period - Minor Penalty to Luke Kunin for Holding.
5:20 of 2nd period - Casey Mittelstadt wins face-off versus Elias Lindholm in Dallas Stars zone.
5:26 of 2nd period - Snap shot by Artturi Lehkonen.
5:26 of 2nd period - Shot Blocked by Dougie Hamilton.
5:28 of 2nd period - Slapshot by Casey Mittelstadt.
5:28 of 2nd period - Stopped by Alex Lyon without a rebound.
5:29 of 2nd period - Casey Mittelstadt wins face-off versus Josh Anderson in Dallas Stars zone.
5:38 of 2nd period - Snap shot by Artturi Lehkonen.
5:38 of 2nd period - Shot Blocked by Josh Anderson.
5:42 of 2nd period - Wrist shot by Artturi Lehkonen.
5:42 of 2nd period - Stopped by Alex Lyon without a rebound.
5:43 of 2nd period - Aleksander Barkov wins face-off versus Jordan Martinook in Dallas Stars zone.
6:10 of 2nd period - Artturi Lehkonen is hit by Josh Anderson and loses puck.
7:19 of 2nd period - Penalty to Luke Kunin is over, Luke Kunin is back on ice.
7:55 of 2nd period - Snap shot by Joel Kiviranta.
7:55 of 2nd period - Stopped by Justus Annunen without a rebound.
7:56 of 2nd period - Casey Mittelstadt wins face-off versus Philip Tomasino in Vancouver Canucks zone.
8:05 of 2nd period - Snap shot by Bobby McMann.
8:05 of 2nd period - Stopped by Alex Lyon with a rebound.
8:31 of 2nd period - Wrist shot by Alex Iafallo.
8:31 of 2nd period - Stopped by Justus Annunen without a rebound.
8:32 of 2nd period - Aleksander Barkov wins face-off versus Luke Kunin in Vancouver Canucks zone.
8:39 of 2nd period - Luke Kunin is hit by Aleksander Barkov and loses puck.
9:30 of 2nd period - Wrist shot by Bobby McMann.
9:30 of 2nd period - Shot Blocked by Alex Iafallo.
9:32 of 2nd period - Snap shot by Ty Dellandrea.
9:32 of 2nd period - Deflect By Casey Mittelstadt.
9:32 of 2nd period - Shot Hit the Post.
9:32 of 2nd period - Puck is out of play.
9:33 of 2nd period - Aleksander Barkov wins face-off versus Jordan Martinook in Dallas Stars zone.
9:36 of 2nd period - Slapshot by Aleksander Barkov.
9:36 of 2nd period - Stopped by Alex Lyon without a rebound.
9:37 of 2nd period - Luke Kunin wins face-off versus Aleksander Barkov in Dallas Stars zone.
9:52 of 2nd period - Wrist shot by Luke Kunin.
9:52 of 2nd period - Shot Blocked by Aleksander Barkov.
10:02 of 2nd period - Slapshot by Sean Couturier.
10:02 of 2nd period - Deflect By Connor Zary.
10:02 of 2nd period - Stopped by Alex Lyon without a rebound.
10:03 of 2nd period - Brendan Gallagher wins face-off versus Sean Couturier in Dallas Stars zone.
10:10 of 2nd period - Snap shot by Josh Anderson.
10:10 of 2nd period - Stopped by Justus Annunen without a rebound.
10:11 of 2nd period - Elias Lindholm wins face-off versus Sean Couturier in Vancouver Canucks zone.
10:45 of 2nd period - Slapshot by Luke Kunin.
10:45 of 2nd period - Stopped by Justus Annunen with a rebound.
10:51 of 2nd period - Minor Penalty to Joel Hanley for Interference.
10:52 of 2nd period - Luke Kunin wins face-off versus Anton Lundell in Vancouver Canucks zone.
10:59 of 2nd period - Wrist shot by Jordan Martinook.
10:59 of 2nd period - Stopped by Justus Annunen without a rebound.
11:00 of 2nd period - Luke Kunin wins face-off versus Anton Lundell in Vancouver Canucks zone.
12:51 of 2nd period - Penalty to Joel Hanley is over, Joel Hanley is back on ice.
13:00 of 2nd period - Ryan McDonagh is hit by Joel Kiviranta and loses puck.
13:07 of 2nd period - Snap shot by Jesperi Kotkaniemi.
13:07 of 2nd period - Shot Blocked by Philip Tomasino.
13:17 of 2nd period - Snap shot by Casey Mittelstadt.
13:17 of 2nd period - Shot Misses the Net.
13:19 of 2nd period - Snap shot by Jesperi Kotkaniemi.
13:19 of 2nd period - Shot Hit the Post.
13:21 of 2nd period - Wrist shot by Ryan McDonagh.
13:21 of 2nd period - Stopped by Alex Lyon with a rebound.
13:23 of 2nd period - Snap shot by Emil Martinsen Lilleberg.
13:23 of 2nd period - Deflect By Joel Kiviranta.
13:23 of 2nd period - Stopped by Alex Lyon with a rebound.
13:25 of 2nd period - Wrist shot by Joel Hanley.
13:25 of 2nd period - Shot Misses the Net.
13:27 of 2nd period - Slapshot by Ryan McDonagh.
13:27 of 2nd period - Stopped by Alex Lyon with a rebound.
13:31 of 2nd period - Snap shot by Casey Mittelstadt.
13:31 of 2nd period - Stopped by Alex Lyon with a rebound.
13:33 of 2nd period - Wrist shot by Jesperi Kotkaniemi.
13:33 of 2nd period - Shot Misses the Net.
13:35 of 2nd period - Wrist shot by Casey Mittelstadt.
13:35 of 2nd period - Stopped by Alex Lyon with a rebound.
13:45 of 2nd period - Snap shot by Casey Mittelstadt.
13:45 of 2nd period - Shot Blocked by Rasmus Ristolainen.
13:47 of 2nd period - Snap shot by Casey Mittelstadt.
13:47 of 2nd period - Shot Misses the Net.
13:49 of 2nd period - Slapshot by Jesperi Kotkaniemi.
13:49 of 2nd period - Stopped by Alex Lyon with a rebound.
13:51 of 2nd period - Wrist shot by Casey Mittelstadt.
13:51 of 2nd period - Stopped by Alex Lyon with a rebound.
14:29 of 2nd period - Snap shot by Casey Mittelstadt.
14:29 of 2nd period - Stopped by Alex Lyon with a rebound.
14:31 of 2nd period - Wrist shot by Joel Hanley.
14:31 of 2nd period - Stopped by Alex Lyon without a rebound.
14:32 of 2nd period - Elias Lindholm wins face-off versus Aleksander Barkov in Dallas Stars zone.
14:59 of 2nd period - Miro Heiskanen is hit by Jordan Greenway and loses puck.
15:10 of 2nd period - Wrist shot by Jordan Martinook.
15:10 of 2nd period - Goal by Jordan Martinook - Vancouver Canucks : 1 - Dallas Stars : 2.
15:11 of 2nd period - Elias Lindholm wins face-off versus Aleksander Barkov in neutral zone.
15:36 of 2nd period - Connor Zary is hit by Jordan Greenway and loses puck.
15:45 of 2nd period - Slapshot by Jordan Greenway.
15:45 of 2nd period - Shot Misses the Net.
16:03 of 2nd period - Snap shot by Trent Frederic.
16:03 of 2nd period - Stopped by Justus Annunen with a rebound.
16:05 of 2nd period - Snap shot by Jack Drury.
16:05 of 2nd period - Stopped by Justus Annunen with a rebound.
16:12 of 2nd period - Icing by Ty Dellandrea.
16:13 of 2nd period - Elias Lindholm wins face-off versus Aleksander Barkov in Vancouver Canucks zone.
16:14 of 2nd period - Snap shot by Brendan Gallagher.
16:14 of 2nd period - Stopped by Justus Annunen with a rebound.
16:22 of 2nd period - Wrist shot by Aleksander Barkov.
16:22 of 2nd period - Stopped by Alex Lyon with a rebound.
16:24 of 2nd period - Snap shot by Clayton Keller.
16:24 of 2nd period - Stopped by Alex Lyon without a rebound.
16:25 of 2nd period - Luke Kunin wins face-off versus Aleksander Barkov in Dallas Stars zone.
16:25 of 2nd period - Luke Kunin is hit by Aleksander Barkov.
16:42 of 2nd period - Jordan Greenway beats up Emil Martinsen Lilleberg.
16:42 of 2nd period - Penalty to Jordan Greenway for Fighting.
16:42 of 2nd period - Penalty to Emil Martinsen Lilleberg for Fighting.
16:42 of 2nd period - Penalty to Jordan Greenway for instigated a fight.
16:42 of 2nd period - Penalty to Jordan Greenway for instigated a fight.
16:43 of 2nd period - Aleksander Barkov wins face-off versus Brendan Gallagher in Vancouver Canucks zone.
16:48 of 2nd period - Brendan Gallagher is hit by Ryan McDonagh and loses puck.
17:15 of 2nd period - Trevor van Riemsdyk is hit by Casey Mittelstadt and loses puck.
18:36 of 2nd period - Connor Zary is hit by Alex Iafallo and loses puck.
18:42 of 2nd period - Penalty to Jordan Greenway is over, Josh Anderson is send on ice.
Goals for this period are 0 for Vancouver Canucks vs 2 for Dallas Stars.
Shots for this period are 23 for Vancouver Canucks vs 16 for Dallas Stars.
3rd period
0:01 of 3rd period - Luke Kunin wins face-off versus Aleksander Barkov in neutral zone.
0:08 of 3rd period - Slapshot by Alex Iafallo.
0:08 of 3rd period - Stopped by Justus Annunen without a rebound.
0:09 of 3rd period - Aleksander Barkov wins face-off versus Luke Kunin in Vancouver Canucks zone.
0:09 of 3rd period - Aleksander Barkov is hit by Jakob Chychrun.
0:14 of 3rd period - Icing by Mikko Rantanen.
0:15 of 3rd period - Aleksander Barkov wins face-off versus Luke Kunin in Vancouver Canucks zone.
0:25 of 3rd period - Backhand shot by Jordan Martinook.
0:25 of 3rd period - Deflect By Alex Iafallo.
0:25 of 3rd period - Shot Misses the Net.
0:25 of 3rd period - Puck is out of play.
0:26 of 3rd period - Elias Lindholm wins face-off versus Aleksander Barkov in Vancouver Canucks zone.
0:27 of 3rd period - Slapshot by Brendan Gallagher.
0:27 of 3rd period - Stopped by Justus Annunen with a rebound.
1:16 of 3rd period - Icing by Ryan McDonagh.
1:17 of 3rd period - Aleksander Barkov wins face-off versus Jonatan Berggren in Vancouver Canucks zone.
1:30 of 3rd period - Snap shot by Mikko Rantanen.
1:30 of 3rd period - Shot Misses the Net.
1:32 of 3rd period - Snap shot by Noah Hanifin.
1:32 of 3rd period - Deflect By Jakob Chychrun.
1:32 of 3rd period - Stopped by Alex Lyon without a rebound.
1:33 of 3rd period - Casey Mittelstadt wins face-off versus Jack Drury in Dallas Stars zone.
1:38 of 3rd period - Snap shot by Casey Mittelstadt.
1:38 of 3rd period - Stopped by Alex Lyon with a rebound.
1:40 of 3rd period - Slapshot by Ty Dellandrea.
1:40 of 3rd period - Stopped by Alex Lyon with a rebound.
2:05 of 3rd period - Wrist shot by Connor Zary.
2:05 of 3rd period - Stopped by Alex Lyon with a rebound.
2:07 of 3rd period - Slapshot by Connor Zary.
2:07 of 3rd period - Deflect By Sean Couturier.
2:07 of 3rd period - Stopped by Alex Lyon with a rebound.
2:09 of 3rd period - Slapshot by Noah Hanifin.
2:09 of 3rd period - Stopped by Alex Lyon without a rebound.
2:10 of 3rd period - Casey Mittelstadt wins face-off versus Luke Kunin in Dallas Stars zone.
2:40 of 3rd period - Wrist shot by Sean Couturier.
2:40 of 3rd period - Shot Misses the Net.
2:42 of 3rd period - Slapshot by Ryan McDonagh.
2:42 of 3rd period - Deflect By Elias Lindholm.
2:42 of 3rd period - Stopped by Alex Lyon with a rebound.
2:44 of 3rd period - Slapshot by Connor Zary.
2:44 of 3rd period - Stopped by Alex Lyon with a rebound.
2:46 of 3rd period - Snap shot by Artturi Lehkonen.
2:46 of 3rd period - Stopped by Alex Lyon with a rebound.
4:44 of 3rd period - Rasmus Ristolainen is hit by Joel Hanley and loses puck.
5:22 of 3rd period - Off-side.
5:23 of 3rd period - Luke Kunin wins face-off versus Casey Mittelstadt in neutral zone.
5:51 of 3rd period - Elias Lindholm is hit by Aleksander Barkov and loses puck.
6:32 of 3rd period - Luke Kunin is hit by Anton Lundell.
6:36 of 3rd period - Arber Xhekaj is hit by Brett Leason.
6:50 of 3rd period - Bobby McMann is hit by Brendan Gallagher and loses puck.
6:55 of 3rd period - Wrist shot by Elias Lindholm.
6:55 of 3rd period - Stopped by Justus Annunen with a rebound.
8:41 of 3rd period - Wrist shot by Jesperi Kotkaniemi.
8:41 of 3rd period - Stopped by Alex Lyon without a rebound.
8:42 of 3rd period - Sean Couturier wins face-off versus Luke Kunin in Dallas Stars zone.
9:41 of 3rd period - Minor Penalty to Emil Martinsen Lilleberg for Tripping.
9:42 of 3rd period - Anton Lundell wins face-off versus Luke Kunin in Vancouver Canucks zone.
9:42 of 3rd period - Anton Lundell is hit by Dougie Hamilton.
9:56 of 3rd period - Slapshot by Dougie Hamilton.
9:56 of 3rd period - Shot Blocked by Miro Heiskanen.
9:58 of 3rd period - Slapshot by Dougie Hamilton.
9:58 of 3rd period - Goal by Dougie Hamilton - Vancouver Canucks : 1 - Dallas Stars : 3.
9:59 of 3rd period - Jack Drury wins face-off versus Aleksander Barkov in neutral zone.
10:09 of 3rd period - Icing by Miro Heiskanen.
10:10 of 3rd period - Aleksander Barkov wins face-off versus Luke Kunin in Vancouver Canucks zone.
10:10 of 3rd period - Aleksander Barkov is hit by Rasmus Ristolainen.
10:16 of 3rd period - Aleksander Barkov is hit by Jordan Martinook and loses puck.
10:35 of 3rd period - Noah Hanifin is hit by Rasmus Ristolainen and loses puck.
11:25 of 3rd period - Slapshot by Jakob Chychrun.
11:25 of 3rd period - Shot Misses the Net.
11:42 of 3rd period - 10 Minutes Misconduct Penalty to Jordan Greenway is over.
11:43 of 3rd period - Snap shot by Luke Kunin.
11:43 of 3rd period - Stopped by Justus Annunen without a rebound.
11:44 of 3rd period - Luke Kunin wins face-off versus Anton Lundell in Vancouver Canucks zone.
12:06 of 3rd period - Icing by Brett Leason.
12:07 of 3rd period - Sean Couturier wins face-off versus Jack Drury in Vancouver Canucks zone.
12:22 of 3rd period - Wrist shot by Alex Iafallo.
12:22 of 3rd period - Stopped by Justus Annunen with a rebound.
12:32 of 3rd period - Miro Heiskanen is hit by Rasmus Ristolainen.
13:18 of 3rd period - Wrist shot by Jonatan Berggren.
13:18 of 3rd period - Stopped by Justus Annunen with a rebound.
14:06 of 3rd period - Wrist shot by Clayton Keller.
14:06 of 3rd period - Shot Misses the Net.
14:12 of 3rd period - Aleksander Barkov is hit by Jordan Greenway and loses puck.
14:29 of 3rd period - Snap shot by Brendan Gallagher.
14:29 of 3rd period - Shot Blocked by Bobby McMann.
14:59 of 3rd period - Cam York is hit by Sean Couturier and loses puck.
15:03 of 3rd period - Icing by Arber Xhekaj.
15:04 of 3rd period - Philip Tomasino wins face-off versus Anton Lundell in Dallas Stars zone.
15:10 of 3rd period - Slapshot by Dougie Hamilton.
15:10 of 3rd period - Shot Misses the Net.
15:12 of 3rd period - Slapshot by Dougie Hamilton.
15:12 of 3rd period - Stopped by Justus Annunen with a rebound.
15:14 of 3rd period - Slapshot by Dougie Hamilton.
15:14 of 3rd period - Stopped by Justus Annunen without a rebound.
15:15 of 3rd period - Casey Mittelstadt wins face-off versus Jack Drury in Vancouver Canucks zone.
15:23 of 3rd period - Minor Penalty to Trent Frederic for Tripping.
15:24 of 3rd period - Aleksander Barkov wins face-off versus Jordan Martinook in Dallas Stars zone.
15:52 of 3rd period - Snap shot by Aleksander Barkov.
15:52 of 3rd period - Goal by Aleksander Barkov - Vancouver Canucks : 2 - Dallas Stars : 3.
15:53 of 3rd period - Casey Mittelstadt wins face-off versus Jack Drury in neutral zone.
16:19 of 3rd period - Elias Lindholm is hit by Brett Leason and loses puck.
16:36 of 3rd period - Minor Penalty to Jordan Greenway for Roughing.
16:37 of 3rd period - Casey Mittelstadt wins face-off versus Jordan Martinook in Dallas Stars zone.
17:41 of 3rd period - Slapshot by Mikko Rantanen.
17:41 of 3rd period - Shot Blocked by Rasmus Ristolainen.
18:19 of 3rd period - Snap shot by Mikko Rantanen.
18:19 of 3rd period - Shot Blocked by Dougie Hamilton.
18:31 of 3rd period - Vancouver Canucks, Justus Annunen is pulled from the net.
18:33 of 3rd period - Snap shot by Clayton Keller.
18:33 of 3rd period - Shot Misses the Net.
18:35 of 3rd period - Snap shot by Aleksander Barkov.
18:35 of 3rd period - Deflect By Mikko Rantanen.
18:35 of 3rd period - Shot Misses the Net.
18:35 of 3rd period - Puck is out of play.
18:36 of 3rd period - Penalty to Jordan Greenway is over, Jordan Greenway is back on ice.
18:36 of 3rd period - Casey Mittelstadt wins face-off versus Jack Drury in Dallas Stars zone.
18:37 of 3rd period - Slapshot by Bobby McMann.
18:37 of 3rd period - Shot Misses the Net.
19:09 of 3rd period - Snap shot by Ty Dellandrea.
19:09 of 3rd period - Shot Misses the Net.
19:11 of 3rd period - Snap shot by Artturi Lehkonen.
19:11 of 3rd period - Stopped by Alex Lyon without a rebound.
19:12 of 3rd period - Jeremy Colliton call a timeout for Vancouver Canucks.
19:12 of 3rd period - Elias Lindholm wins face-off versus Artturi Lehkonen in Dallas Stars zone.
19:17 of 3rd period - Snap shot by Elias Lindholm.
19:17 of 3rd period - Shot Blocked by Miro Heiskanen.
19:23 of 3rd period - Elias Lindholm is hit by Jesperi Kotkaniemi and loses puck.
19:32 of 3rd period - Snap shot by Ty Dellandrea.
19:32 of 3rd period - Shot Blocked by Rasmus Ristolainen.
19:34 of 3rd period - Snap shot by Miro Heiskanen.
19:34 of 3rd period - Shot Misses the Net.
19:36 of 3rd period - Snap shot by Artturi Lehkonen.
19:36 of 3rd period - Shot Misses the Net.
19:38 of 3rd period - Wrist shot by Ty Dellandrea.
19:38 of 3rd period - Deflect By Brendan Gallagher.
19:38 of 3rd period - Shot Blocked by Rasmus Ristolainen.
19:38 of 3rd period - Puck is out of play.
19:39 of 3rd period - Elias Lindholm wins face-off versus Artturi Lehkonen in Dallas Stars zone.
19:55 of 3rd period - Elias Lindholm is hit by Ty Dellandrea and loses puck.
Goals for this period are 1 for Vancouver Canucks vs 1 for Dallas Stars.
Shots for this period are 12 for Vancouver Canucks vs 9 for Dallas Stars.
Back to the Top